 Dungeon Crawl Stone Soup version 0.29.1-15-g9cfb28693d (webtiles) character file.

Game seed: 9299897796813969650

3 ChrisAssaf the Ducker (level 1, 0/7 HPs)
             Began as a Felid Wanderer on Apr 24, 2023.
             Slain by a bat (1 damage)
             ... on level 1 of the Dungeon.
             The game lasted 00:01:01 (154 turns).

ChrisAssaf the Ducker (Felid Wanderer)               Turns: 154, Time: 00:01:02

Health: 0/7        AC:  1    Str:  5    XL:     1   Next: 41%
Magic:  4/4        EV: 18    Int: 16    God:
Gold:   30         SH:  0    Dex: 15    Spells: 3/4 levels left
                                        Lives:  0   Deaths: 0

rFire   . . .      SeeInvis +   (weapon unavailable)
rCold   . . .      Faith    .   (shield unavailable)
rNeg    . . .      Spirit   .   (body armour unavailable)
rPois   .          Reflect  .   (helmet unavailable)
rElec   .          Harm     .   (cloak unavailable)
rCorr   .          Rampage  .   (gloves unavailable)
Will    .....                   (boots unavailable)
Stlth   +.........              (no amulet)
HPRegen 0.02/turn               (no ring)
MPRegen 0.09/turn               (no ring)

@: quick
A: very small, claws 1, fangs 3, see invisible, speed 1, shaggy fur 1, stealthy
paws, no weapons or thrown items, no armour, multi-lived
a: no special abilities


You were on level 1 of the Dungeon.
You visited 1 branch of the dungeon, and saw 2 of its levels.

You collected 30 gold pieces.

Inventory:

Scrolls
 a - a scroll of teleportation
Potions
 b - a potion of curing {unknown}
 c - a potion of invisibility {unknown}


   Skills:
 * Level 4.2 Dodging
 * Level 2.0 Spellcasting
 * Level 3.0 Hexes
 * Level 3.0 Translocations
 * Level 1.2 Evocations


You had 3 spell levels left.
You knew the following spells:

 Your Spells              Type           Power      Damage    Failure   Level
a - Apportation           Tloc           22%        N/A       6%          1

Your spell library contained the following spells:

 Spells                   Type           Power      Damage    Failure   Level
 Slow                     Hex            44%        N/A       6%          1
 Gell's Gravitas          Tloc           11%        N/A       19%         3
 Fulminant Prism          Conj/Hex       3%         3d6       73%         4
 Leda's Liquefaction      Hex/Erth       3%         N/A       73%         4


Dungeon Overview and Level Annotations

Branches:
Dungeon (2/15)

Altars:


Innate Abilities, Weirdness & Mutations

You have sharp claws.
You have razor-sharp teeth.
You have supernaturally acute eyesight. (SInv)
You cover ground quickly. (Speed+)
You are covered in fur. (AC +1)
Your paws help you pounce on unaware monsters.
You are incapable of wielding weapons or throwing items.
You cannot wear armour.
You gain extra lives every three experience levels.


Message History

Aiming: Apportation (safe; 6% risk of failure)
Press: ? - help, Dir - move target Apport: a clear potion Yoink!
You pull the item towards yourself.
b - a clear potion You now have 18 gold pieces.
c - a yellow potion
There is a stone staircase leading up here.
You climb upwards.
A bat comes into view.
Found 12 gold pieces and a leather armour.
There is a stone staircase leading down here.
Casting: Apportation (safe; 6% risk of failure)
Confirm with . or Enter, or press ? or * to list all spells.
Aiming: Apportation (safe; 6% risk of failure)
Press: ? - help, Dir - move target Apport: 12 gold pieces Yoink!
You pull the items towards yourself.
You now have 30 gold pieces (gained 12).
You scratch the bat but do no damage. The bat hits you. The bat misses you.
The bat misses you. The bat completely misses you.
You scratch the bat but do no damage. The bat hits you.
The bat closely misses you. The bat misses you. The bat completely misses you.
The bat barely misses you.
You closely miss the bat. Your bite misses the bat. The bat hits you.
* * * LOW HITPOINT WARNING * * *
The bat closely misses you.
You barely miss the bat. The bat misses you.
You scratch the bat.
The bat is severely wounded.
The bat hits you.
* * * LOW HITPOINT WARNING * * *
You closely miss the bat.
The bat is severely wounded.
The bat hits you.
You die...

#.## ##.# #.# #.# #.##
##.# ######### ##.###.##
#.......## ##....#
#.##...>.#
##...######.##.##..#
##................###
#.######.#.#.#.#....
#####.## #..b@.....###
##....#.## #.#.#.#.#.#
.......#.## #...........#
.♣♣♣♣♣..#.# #.#.#.#.#[#.#
♣♣♣♣♣.♣.###..........#.#
.♣∩∩∩.♣♣♣.>#..#.#.#.#...
∩.....∩♣♣..#..........#..
..♣♣♣..∩♣♣.#..#..#.#####.
...<...∩♣♣.##.# .#


You could see a bat.

Vanquished Creatures
  A jackal (D:2)
  A frilled lizard (D:1)
  2 rats
4 creatures vanquished.

Notes
Turn   | Place    | Note
-------+----------+-------------------------------------------
     0 | D:1      | ChrisAssaf the Felid Wanderer began the quest for the Orb.
     0 | D:1      | ChrisAssaf set off with the following items: a scroll of
                  | teleportation; and the following spells available to
                  | memorise: Apportation, Slow, Gell's Gravitas, Fulminant
                  | Prism, Leda's Liquefaction.
     0 | D:1      | Reached XP level 1. HP: 7/7 MP: 4/4
     2 | D:1      | Learned a level 1 spell: Apportation
   154 | D:1      | Slain by a bat

Illustrated notes

Levels and vault maps discovered:
D:1:      heliophobic_arrival_henge, layout_loops_cross, serial_glass,
          glass_columns_b, glass_columns_c, nicolae_ecumenical_lake_church,
          minmay_misc_feat_hallway
D:2:      layout_loops_ring, minmay_fountain_box, uniq_crazy_yiuf_cottage

Action                   || total
-------------------------++-------
Melee: Unarmed           ||    29
 Cast: Apportation       ||     2
Armor: Skin              ||     2
Dodge: Dodged            ||    35
